 Dungeon Crawl Stone Soup version 0.16-a0-3250-g88dccf0 (webtiles) character file.

610 GlassGo the Insei (level 7, -6/43 HPs)
             Began as an Octopode Transmuter on Dec 22, 2014.
             Mangled by Menkaure (17 damage)
             ... on level 5 of the Dungeon.
             The game lasted 01:07:18 (8501 turns).

GlassGo the Insei (Octopode Transmuter)             Turns: 8501, Time: 01:07:19

Health: -6/43      AC:  1    Str: 10    XL:     7   Next: 43%
Magic:  9/12       EV: 12    Int: 15    God:
Gold:   238        SH:  0    Dex: 14    Spells: 4 memorised, 0 levels left

rFire  . . .     SeeInvis .     o - +0 dagger (elec)
rCold  . . .     Clarity  .     (no shield)
rNeg   . . .     SustAb   .     (helmet restricted)
rPois  .         Gourm    .     (no amulet)
rElec  .         Spirit   .     (no ring)
rCorr  .         Warding  .     (no ring)
rMut   .         Stasis   .     (no ring)
MR     .....                    (no ring)
Stlth  ++........               (no ring)
                                (no ring)
                                (no ring)
                                (no ring)

@: not resistant to hostile enchantments, unstealthy
A: almost no armour, amphibious, 8 rings, constrict 8, camouflage 1, gelatinous
body 1
a: no special abilities


You were on level 5 of the Dungeon.
You were not hungry.

You visited 1 branch of the dungeon, and saw 5 of its levels.

You collected 238 gold pieces.

Inventory:

Hand weapons
 o - a +0 dagger of electrocution (weapon)
 q - a +0 blowgun
 s - a +1 dagger of freezing
Missiles
 b - 77 arrows
 v - 11 poisoned needles
Jewellery
 k - an uncursed ring of ice
Magical devices
 i - a wand of polymorph (0)
 x - a wand of magic darts (0)
Scrolls
 c - a scroll of fog {unknown}
 e - a scroll of fear {unknown}
 h - 3 scrolls of magic mapping {unknown}
 j - a scroll of teleportation {unknown}
 l - 2 scrolls of enchant weapon {unknown}
 t - a scroll of acquirement {unknown}
 w - a scroll of remove curse {unknown}
Potions
 g - a potion of brilliance {unknown}
 p - 2 potions of might
 r - 2 potions of magic
Books
 d - a book of Changes

   Spells                             Type                      Level
   a - Beastly Appendage              Transmutation                1
   b - Sticks to Snakes               Transmutation                2
   c - Spider Form                    Transmutation/Poison         3
   d - Ice Form                       Ice/Transmutation            4
   e - Blade Hands                    Transmutation                5
Comestibles
 a - 4 bread rations
 f - 3 meat rations
 m - 3 beef jerkies
 u - a slice of pizza
 z - a chunk of flesh


   Skills:
 - Level 1.0 Fighting
 - Level 2.0 Dodging
 * Level 5.9 Unarmed Combat
 - Level 2.0 Spellcasting
 - Level 4.3 Transmutations
 - Level 5.0 Poison Magic


You couldn't memorise any spells.
You knew the following spells:

 Your Spells              Type           Power        Failure   Level  Hunger
a - Beastly Appendage     Trmt           ##....       4%          1    #......
b - Spider Form           Trmt/Pois      ###.......   12%         3    ###....
c - Ice Form              Ice/Trmt       #.......     87%         4    #####..
d - Sticks to Snakes      Trmt           ##........   8%          2    ###....


Dungeon Overview and Level Annotations

Branches:
Dungeon (5/15)
 Temple: D:4-7

Altars:
Ashenzari
Qazlal
Ru
Zin

Shops:
D:4 %   D:5 *

Annotations:
D:5 Grinder, Menkaure


Innate Abilities, Weirdness & Mutations

You cannot wear most types of armour.
You are amphibious.
You can wear up to eight rings at the same time.
You can use your tentacles to constrict many enemies at once.
Your skin changes colour to match your surroundings (Stealth).
Your rubbery body absorbs attacks (AC +1).


Message History

Your body is wracked with pain!
* * * LOW HITPOINT WARNING * * *
Drink which item? (? for menu, Esc to quit)
You feel better.
You constrict Menkaure. Menkaure closely misses you.
The orc closely misses you. Menkaure barely misses you.
You hit Menkaure but do no damage.
Menkaure is heavily damaged.
You constrict Menkaure, but do no damage.
The orc hits you with a hand axe.
* * * LOW HITPOINT WARNING * * *
Menkaure calls on the powers of darkness!
Your body is wracked with pain!
* * * LOW HITPOINT WARNING * * *
Drink which item? (? for menu, Esc to quit)
You feel better.
You constrict Menkaure, but do no damage.
The orc hits you with a hand axe.
* * * LOW HITPOINT WARNING * * *
Menkaure hits you!
You die...

##.##.# #.##..# #.. ##.#.#.#
#.##M. ##.###o.###.##.# # . #.##
##...#.##.##.###.. #
##.###..∩..(........#..## #.
##.#.#####..#.##....... ###.###
#.[........#.# #.#..# #§...§#
#...######.#.####.#..##.#.....#
###)..# #..#M@o..#..##...._...
......# ###.#.###..#..##.#.....#
###.#..........o..#.......#§...§
#
#.####...............######.###
# #.# #..##.#####..##.#......#!#
# #.# #..##.# #..##..........# #
#.# #..##.# #.#####.....#### #
#.####..##. #.# #.....# # #..
...... ###.# #.....#


You could see Menkaure and an orc.

Vanquished Creatures
  A phantom (D:5)
  A centaur (D:5)
  A centaur zombie (D:5)
  A centaur skeleton (D:5)
  An orc priest (D:4)
  2 orc wizards
  Ijyb (D:3)
  Jessica (D:3)
  A hound skeleton (D:4)
  Robin (D:3)
  6 gnolls
  5 adders
  A giant mite (D:4)
  A worm (D:3)
  4 giant geckos
  An ooze (D:1)
  15 orcs
  3 ball pythons
  A bat skeleton (D:5)
  5 giant cockroaches
  22 goblins
  12 hobgoblins
  3 jackals (D:1)
  13 bats
  A giant gecko skeleton (D:4)
  2 giant newts
  3 jackal skeletons
  14 kobolds
  3 quokkas (D:4)
  14 rats
140 creatures vanquished.

Vanquished Creatures (others)
  A jackal (D:5)
1 creature vanquished.

Grand Total: 141 creatures vanquished

Notes
Turn   | Place    | Note
--------------------------------------------------------------
     0 | D:1      | GlassGo, the Octopode Transmuter, began the quest for the Orb.
     0 | D:1      | Reached XP level 1. HP: 13/13 MP: 3/3
   389 | D:1      | Reached XP level 2. HP: 16/18 MP: 2/4
   970 | D:1      | Reached XP level 3. HP: 14/23 MP: 4/6
  1945 | D:2      | Reached skill level 4 in Transmutations
  1950 | D:2      | Learned a level 3 spell: Spider Form
  2223 | D:1      | Reached XP level 4. HP: 7/28 MP: 5/7
  2427 | D:3      | Noticed Jessica
  2872 | D:2      | Reached skill level 1 in Poison Magic
  3278 | D:3      | Reached XP level 5. HP: 33/33 MP: 9/9
  3903 | D:3      | HP: 1/33 [orc (4)]
  4208 | D:3      | Noticed Ijyb
  4612 | D:3      | Noticed Robin
  4624 | D:3      | Killed Robin
  5125 | D:3      | Killed Jessica
  5125 | D:3      | Reached skill level 5 in Poison Magic
  5125 | D:3      | Reached XP level 6. HP: 23/38 MP: 6/10
  5190 | D:3      | Found a glowing silver altar of Zin.
  5362 | D:3      | Killed Ijyb
  5973 | D:3      | Learned a level 4 spell: Ice Form
  6000 | D:4      | Found Dalij's Food Boutique.
  6153 | D:4      | Found a shattered altar of Ashenzari.
  6454 | D:4      | Found a sacrificial altar of Ru.
  7373 | D:5      | Entered Level 5 of the Dungeon
  7373 | D:5      | Noticed Grinder
  7778 | D:5      | Reached skill level 5 in Unarmed Combat
  7778 | D:5      | Reached XP level 7. HP: 28/43 MP: 8/12
  7891 | D:5      | Noticed Menkaure
  7973 | D:5      | Learned a level 2 spell: Sticks to Snakes
  8060 | D:5      | Found a stormy altar of Qazlal.
  8385 | D:5      | Found Atubiast's General Store.
  8501 | D:5      | Mangled by Menkaure

Action                   |  1- 3 |  4- 6 |  7- 9 || total
-------------------------+-------+-------+-------++-------
Melee: Unarmed           |    97 |    94 |    13 ||   204
       Dagger            |       |   153 |    23 ||   176
 Fire: Hunting sling     |     6 |       |       ||     6
 Cast: Beastly Appendage |    15 |    15 |       ||    30
       Spider Form       |       |    11 |     2 ||    13
       Sticks to Snakes  |       |       |     3 ||     3
 Abil: End Transformatio |       |     2 |       ||     2
  Use: Potion            |     1 |     1 |     2 ||     4
       Scroll            |       |       |     3 ||     3
 Stab: Sleeping          |     2 |     7 |     1 ||    10
  Eat: Chunk             |     4 |    19 |     4 ||    27
